 Dungeon Crawl Stone Soup version 0.20-a0-1109-ge3cd172 (webtiles) character file.

41 KristoblXynda the Slasher (level 3, -1/31 HPs)
             Began as a Draconian Berserker on May 5, 2017.
             Was a Follower of Trog.
             Slain by Natasha (10 damage)
             ... on level 2 of the Dungeon.
             The game lasted 00:02:13 (1073 turns).

KristoblXynda the Slasher (Draconian Berserker)     Turns: 1073, Time: 00:02:14

Health: -1/31      AC:  8    Str: 19    XL:     3   Next: 32%
Magic:  3/3        EV: 13    Int:  7    God:    Trog [*.....]
Gold:   44         SH:  0    Dex: 11    Spells: 2/2 levels left

rFire    . . .     SeeInvis .   a - +0 falchion
rCold    . . .     Gourm    .   (no shield)
rNeg     . . .     Faith    .   (armour unavailable)
rPois    .         Spirit   .   (helmet restricted)
rElec    .         Reflect  .   (no cloak)
rCorr    .         Harm     .   f - +2 pair of gloves
MR       .....                  (no boots)
Stlth    ++........             (no amulet)
Regen    0.1/turn               (no ring)
MPRegen  0.1/turn               (no ring)

@: slowed, very slow
A: unfitting armour, cold-blooded, AC +5
a: Berserk, Burn Spellbooks, Renounce Religion


You were on level 2 of the Dungeon.
You worshipped Trog.
Trog was aware of your devotion.
You were hungry.

You visited 1 branch of the dungeon, and saw 2 of its levels.

You collected 44 gold pieces.

Inventory:

Hand Weapons
 a - a +0 falchion (weapon)
Armour
 f - a +2 pair of gloves (worn)
Scrolls
 c - 2 scrolls of identify {unknown}
Potions
 d - a potion of heal wounds {unknown}
 e - a potion of mutation {unknown}
 g - a potion of agility {unknown}
Comestibles
 b - a bread ration


   Skills:
 - Level 3.2 Fighting
 + Level 3.4 Long Blades
 + Level 3.2 Dodging
 + Level 1.5 Stealth


You had 2 spell levels left.
You didn't know any spells.

Dungeon Overview and Level Annotations

Branches:
Dungeon (2/15)

Altars:

Annotations:
D:2 Natasha


Innate Abilities, Weirdness & Mutations

Your plain brown scales are hard. (AC +5)
You cannot fit into any form of body armour.
You are cold-blooded and may be slowed by cold attacks.


Message History

Natasha casts a spell at you.
You feel yourself slow down.
You hit Natasha.
Natasha is heavily wounded.
The crimson imp disappears in a puff of smoke!
Natasha claws you but does no damage. Natasha claws you.
* * * LOW HITPOINT WARNING * * *
You hit Natasha.
Your tail-slap misses Natasha.
Natasha is severely wounded.
Natasha barely misses you.
You riposte.
You hit Natasha but do no damage.
Natasha is severely wounded.
Natasha misses you.
You riposte.
You barely miss Natasha.
Your tail-slap misses Natasha.
Natasha is severely wounded.
Natasha claws you but does no damage.
You hit Natasha but do no damage.
Natasha is severely wounded.
The white imp disappears in a puff of smoke!
Natasha claws you!
You die...

#.......## . .........# ...
..# ... .........#
...%......... .........#
.!..$............
.........##...r. ...........
.......!..<..../ ..#........
#......$.†....# #.........
.........#########.......#
........§rh@.......##.>[####
$........##.....##..#.......
.........##.#######.........
.........##.# #.......####
........##..# #.......# #
#......###.## #.......####
##...## #. ........#....#
#... .. .............) .#
#........####.#


You could see Natasha and a rat.

Vanquished Creatures
  An adder (D:2)
  An ooze (D:1)
  3 goblins (D:1)
  7 hobgoblins
  2 jackals (D:2)
  4 kobolds (D:1)
  2 bats (D:1)
  3 frilled lizards
  3 rats
26 creatures vanquished.

Notes
Turn   | Place    | Note
-------+----------+-------------------------------------------
     0 | D:1      | KristoblXynda the Draconian Berserker began the quest for the Orb.
     0 | D:1      | Reached XP level 1. HP: 19/19 MP: 1/1
   369 | D:1      | Reached XP level 2. HP: 26/26 MP: 2/2
   742 | D:1      | Reached skill level 1 in Stealth
  1021 | D:2      | Reached XP level 3. HP: 31/31 MP: 3/3
  1048 | D:2      | Noticed Natasha
  1073 | D:2      | Slain by Natasha

Vault maps used:
D:1:      matt_arrival_los_fun
D:2:      minmay_hedge_maze, nemelex_dance_club_becter, uniq_natasha

Skill      XL: |  1  2 |
---------------+-------+-----
Dodging        | 3 |  3.2
Stealth        | 1 |  1.5
Fighting       | |  3.2
Long Blades    | |  3.4

Action                   || total
-------------------------++-------
Melee: Falchion          ||    95
       Tailslap          ||    10
 Stab: Sleeping          ||     1
Armor: Skin              ||    41
Dodge: Dodged            ||    57
       Rpst.: Falchion   ||    13
